General information
- name: BNet
- type: Ladder team game (AT/RT)
- host: Battle.net
- saver: DougSandhorst
map: GolemsInTheMist
- players: 8
- length: 29:30
- speed: Fast
- version: 1.26 W3XP
- replay type:

» download(250 KB)
Players
team 1 (loser)
PiLlAgEdViLlAgE (
orange | 65 APM | 1459 actions | 22:30)
3 Archmage
2 Summon Water Elemental
1 Brilliance Aura
» actions
| Assign group hotkey | 579 | |
| Basic commands | 47 | |
| Build / train | 53 | |
| Enter build submenu | 17 | |
| Enter hero's abilities submenu | 4 | |
| Remove unit from queue | 4 | |
| Right click | 238 | |
| Select / deselect | 140 | |
| Select group hotkey | 334 | |
| Use ability | 43 | |
1459 total
» units
| Peasant | 8 | |
| Footman | 8 | |
| Gryphon Rider | 22 | |
| Dragonhawk Rider | -1 | |
37 total
» upgrades
| Defend | 1 | |
| Plating | 1 | |
| Swords | 1 | |
| Lumber Harvesting | 2 | |
| Storm Hammers | 1 | |
6 total
» buildings
| Barracks | 1 | |
| Farm | 11 | |
| Altar of Kings | 1 | |
| Blacksmith | 1 | |
| Keep | 1 | |
| Castle | 1 | |
| Lumber Mill | 1 | |
| Gryphon Aviary | 2 | |
| Arcane Vault | 1 | |
20 total
» build order
00:23 Barracks
00:35 Farm
00:50 Altar of Kings
01:00 Farm
01:53 Farm
02:14 Blacksmith
02:36 Farm
04:14 Keep
04:17 Farm
05:00 Farm
06:17 Farm
06:42 Castle
06:46 Lumber Mill
08:01 Gryphon Aviary
08:06 Gryphon Aviary
09:14 Farm
09:42 Arcane Vault
11:54 Farm
11:56 Farm
11:57 Farm
SaVior. (
teal | 36 APM | 1004 actions | 27:32)
4 Blademaster
2 Wind Walk
2 Critical Strike
3 Shadow Hunter
2 Healing Wave
1 Hex
» actions
| Assign group hotkey | 26 | |
| Build / train | 66 | |
| Enter build submenu | 23 | |
| Enter hero's abilities submenu | 7 | |
| Give item / drop item | 3 | |
| Right click | 365 | |
| Select / deselect | 305 | |
| Select group hotkey | 146 | |
| Use ability | 63 | |
1004 total
» units
| Peon | 12 | |
| Wind Rider | 24 | |
| Shaman | 8 | |
44 total
» upgrades
| Shaman Training | 2 | |
| Reinforced Defenses | 1 | |
| Armor | 2 | |
5 total
» buildings
| Altar of Storms | 1 | |
| Orc Burrow | 8 | |
| Stronghold | 1 | |
| Voodoo Lounge | 1 | |
| War Mill | 2 | |
| Beastiary | 2 | |
| Fortress | 1 | |
| Spirit Lodge | 1 | |
| Great Hall | 1 | |
| Watch Tower | 6 | |
24 total
» build order
00:09 Altar of Storms
00:12 Orc Burrow
01:40 Stronghold
02:05 Voodoo Lounge
02:18 Orc Burrow
03:35 War Mill
04:05 Beastiary
04:10 Beastiary
04:38 Fortress
04:45 Spirit Lodge
05:16 War Mill
06:08 Great Hall
06:33 Orc Burrow
08:46 Watch Tower
09:20 Watch Tower
10:00 Orc Burrow
10:36 Orc Burrow
10:45 Watch Tower
11:29 Orc Burrow
11:44 Watch Tower
12:51 Orc Burrow
13:58 Orc Burrow
15:33 Watch Tower
18:07 Watch Tower
» items
| Orb of Lightning | 1 | |
| Healing Salve | 2 | |
| Scroll of Speed | 2 | |
| Scroll of Town Portal | 1 | |
6 total
skyefox (
green | 57 APM | 1675 actions | 29:29)
3 Demon Hunter
2 Mana Burn
1 Evasion
» actions
| Assign group hotkey | 3 | |
| Basic commands | 19 | |
| Build / train | 104 | |
| Enter build submenu | 28 | |
| Enter hero's abilities submenu | 3 | |
| Remove unit from queue | 10 | |
| Right click | 819 | |
| Select / deselect | 584 | |
| Select group hotkey | 5 | |
| Use ability | 99 | |
1675 total
» units
| Wisp | 28 | |
| Archer | 19 | |
| Glaive Thrower | 2 | |
| Hippogryph | 11 | |
| Goblin Zeppelin | 1 | |
| Chimaera | 8 | |
| Frost Wyrm | 5 | |
74 total
» upgrades
| Strength of the Wild | 3 | |
| Hippogryph Taming | 1 | |
| Improved Bows | 1 | |
| Strength of the Moon | 1 | |
| Corrosive Breath | 1 | |
| Reinforced Hides | 1 | |
8 total
» buildings
| Altar of Elders | 1 | |
| Moon Well | 8 | |
| Ancient of War | 1 | |
| Ancient of Wonders | 1 | |
| Hunter's Hall | 1 | |
| Ancient Protector | 6 | |
| Tree of Ages | 4 | |
| Ancient of Wind | 2 | |
| Tree of Eternity | 2 | |
| Chimaera Roost | 2 | |
| Tree of Life | 1 | |
29 total
» build order
00:14 Altar of Elders
00:20 Moon Well
01:06 Ancient of War
01:36 Moon Well
02:07 Ancient of Wonders
02:51 Hunter's Hall
03:56 Ancient Protector
04:04 Ancient Protector
04:17 Ancient Protector
04:20 Ancient Protector
04:47 Moon Well
05:30 Ancient Protector
05:52 Tree of Ages
05:53 Tree of Ages
05:53 Tree of Ages
07:54 Ancient Protector
09:20 Ancient of Wind
10:48 Ancient of Wind
10:57 Tree of Eternity
13:49 Chimaera Roost
13:51 Moon Well
15:00 Chimaera Roost
15:19 Moon Well
17:03 Tree of Life
17:45 Moon Well
18:03 Moon Well
20:47 Moon Well
» items
SunWukong13 (
blue | 51 APM | 1233 actions | 24:12)
5 Death Knight
3 Death Coil
2 Unholy Aura
2 Lich
1 Frost Armor
1 Frost Nova
» actions
| Assign group hotkey | 9 | |
| Basic commands | 50 | |
| Build / train | 79 | |
| Enter build submenu | 27 | |
| Enter hero's abilities submenu | 7 | |
| Right click | 575 | |
| Select / deselect | 403 | |
| Select group hotkey | 6 | |
| Use ability | 77 | |
1233 total
» units
| Acolyte | 9 | |
| Ghoul | 3 | |
| Crypt Fiend | 14 | |
| Goblin Shredder | 1 | |
| Goblin Zeppelin | 2 | |
| Frost Wyrm | 15 | |
44 total
» upgrades
| Creature Attack | 3 | |
| Creature Carapace | 3 | |
| Web | 1 | |
| Freezing Breath | 1 | |
| Burrow | 1 | |
9 total
» buildings
| Crypt | 1 | |
| Graveyard | 1 | |
| Ziggurat | 12 | |
| Altar of Darkness | 1 | |
| Tomb of Relics | 1 | |
| Halls of the Dead | 3 | |
| Black Citadel | 3 | |
| Sacrificial Pit | 1 | |
| Boneyard | 2 | |
| Necropolis | 1 | |
| Spirit Tower | 3 | |
29 total
» build order
00:11 Crypt
00:27 Graveyard
00:42 Ziggurat
00:57 Altar of Darkness
01:31 Ziggurat
02:07 Tomb of Relics
03:24 Halls of the Dead
03:24 Halls of the Dead
04:18 Ziggurat
04:21 Ziggurat
05:48 Black Citadel
05:49 Black Citadel
05:49 Black Citadel
06:58 Sacrificial Pit
08:20 Boneyard
08:25 Boneyard
10:40 Ziggurat
11:20 Ziggurat
15:40 Necropolis
15:42 Ziggurat
15:46 Ziggurat
15:47 Ziggurat
15:49 Ziggurat
15:51 Ziggurat
15:54 Ziggurat
16:01 Spirit Tower
16:44 Spirit Tower
» items
| Rod of Necromancy | 1 | |
| Dust of Appearance | 1 | |
| Potion of Healing | 2 | |
| Orb of Corruption | 1 | |
5 total
team 2 (winner)
DougSandhorst (
purple | 93 APM | 2759 actions | 29:30)
8 Blademaster
3 Wind Walk
3 Critical Strike
1 Bladestorm
1 Mirror Image
» actions
| Assign group hotkey | 24 | |
| Basic commands | 2 | |
| Build / train | 94 | |
| Enter build submenu | 53 | |
| Enter hero's abilities submenu | 9 | |
| Remove unit from queue | 2 | |
| Right click | 1688 | |
| Select / deselect | 363 | |
| Select group hotkey | 242 | |
| Use ability | 282 | |
2759 total
» units
» upgrades
| Ranged Weapons | 3 | |
| Spiked Barricades | 1 | |
| Liquid Fire | 1 | |
5 total
» buildings
| Altar of Storms | 2 | |
| Orc Burrow | 3 | |
| War Mill | 1 | |
| Watch Tower | 30 | |
| Voodoo Lounge | 4 | |
| Stronghold | 1 | |
| Great Hall | 1 | |
| Beastiary | 4 | |
| Fortress | 1 | |
47 total
» build order
00:15 Altar of Storms
00:16 Altar of Storms
00:19 Orc Burrow
00:24 War Mill
01:42 Watch Tower
01:50 Watch Tower
02:03 Voodoo Lounge
02:33 Watch Tower
02:59 Watch Tower
03:10 Watch Tower
03:21 Stronghold
03:40 Watch Tower
04:24 Watch Tower
04:35 Orc Burrow
04:36 Watch Tower
04:37 Watch Tower
04:38 Watch Tower
05:10 Great Hall
05:52 Watch Tower
05:54 Watch Tower
06:32 Beastiary
06:47 Beastiary
07:00 Orc Burrow
07:18 Watch Tower
07:32 Voodoo Lounge
07:36 Voodoo Lounge
08:36 Watch Tower
08:38 Fortress
09:51 Watch Tower
11:22 Beastiary
12:49 Voodoo Lounge
13:00 Watch Tower
13:08 Watch Tower
14:41 Watch Tower
15:28 Watch Tower
15:28 Watch Tower
17:24 Watch Tower
17:25 Watch Tower
17:50 Watch Tower
17:56 Watch Tower
17:57 Watch Tower
19:17 Beastiary
19:58 Watch Tower
20:59 Watch Tower
21:03 Watch Tower
21:23 Watch Tower
21:24 Watch Tower
» items
| Lesser Clarity Potion | 10 | |
| Healing Salve | 3 | |
| Orb of Lightning | 1 | |
| Scroll of Town Portal | 1 | |
15 total
FastFeud (
yellow | 109 APM | 3215 actions | 29:29)
7 Mountain King
3 Storm Bolt
3 Bash
1 Avatar
6 Paladin
3 Holy Light
3 Divine Shield
» actions
| Assign group hotkey | 334 | |
| Basic commands | 70 | |
| Build / train | 168 | |
| ESC pressed | 1 | |
| Enter build submenu | 81 | |
| Enter hero's abilities submenu | 13 | |
| Give item / drop item | 1 | |
| Remove unit from queue | 4 | |
| Right click | 1287 | |
| Select / deselect | 565 | |
| Select group hotkey | 489 | |
| Use ability | 200 | |
3215 total
» units
| Peasant | 15 | |
| Dragonhawk Rider | 12 | |
27 total
» upgrades
| Masonry | 1 | |
| Animal War Training | 1 | |
| Swords | 1 | |
| Magic Sentry | 1 | |
4 total
» buildings
| Altar of Kings | 1 | |
| Farm | 7 | |
| Lumber Mill | 1 | |
| Scout Tower | 73 | |
| Guard Tower | 95 | |
| Arcane Tower | 4 | |
| Arcane Vault | 1 | |
| Keep | 3 | |
| Arcane Sanctum | 1 | |
| Gryphon Aviary | 2 | |
| Castle | 4 | |
| Barracks | 1 | |
| Blacksmith | 1 | |
| Town Hall | 1 | |
195 total
» build order
00:01 Altar of Kings
00:02 Farm
00:14 Lumber Mill
01:17 Scout Tower
01:28 Scout Tower
01:40 Farm
01:48 Scout Tower
01:49 Guard Tower
01:49 Guard Tower
01:49 Guard Tower
01:55 Scout Tower
01:58 Guard Tower
01:58 Guard Tower
02:19 Scout Tower
02:23 Scout Tower
02:23 Guard Tower
02:28 Guard Tower
02:28 Guard Tower
02:30 Arcane Tower
02:30 Arcane Tower
03:08 Scout Tower
03:18 Scout Tower
03:23 Farm
03:28 Scout Tower
03:28 Guard Tower
03:29 Guard Tower
03:36 Scout Tower
03:41 Arcane Vault
03:48 Scout Tower
03:49 Guard Tower
04:22 Scout Tower
04:23 Guard Tower
04:24 Scout Tower
04:25 Guard Tower
04:42 Scout Tower
04:43 Guard Tower
04:43 Guard Tower
04:44 Guard Tower
04:45 Guard Tower
04:46 Guard Tower
04:47 Scout Tower
04:56 Scout Tower
05:00 Scout Tower
05:01 Guard Tower
05:01 Guard Tower
05:01 Guard Tower
05:25 Scout Tower
05:28 Scout Tower
05:30 Scout Tower
05:31 Scout Tower
05:32 Guard Tower
05:33 Guard Tower
05:45 Keep
05:46 Keep
06:04 Guard Tower
06:04 Guard Tower
06:07 Guard Tower
06:07 Guard Tower
06:07 Guard Tower
06:08 Guard Tower
06:14 Guard Tower
06:14 Guard Tower
06:18 Scout Tower
06:19 Scout Tower
06:23 Scout Tower
06:24 Scout Tower
06:29 Guard Tower
06:30 Guard Tower
06:36 Farm
06:53 Scout Tower
06:55 Scout Tower
06:56 Scout Tower
06:58 Arcane Tower
06:58 Arcane Tower
06:58 Guard Tower
06:59 Guard Tower
07:01 Scout Tower
07:02 Scout Tower
07:27 Scout Tower
07:28 Scout Tower
07:29 Guard Tower
07:29 Guard Tower
07:29 Guard Tower
07:36 Scout Tower
07:37 Scout Tower
07:37 Guard Tower
07:38 Guard Tower
07:57 Scout Tower
08:29 Guard Tower
08:29 Guard Tower
08:30 Guard Tower
08:31 Guard Tower
08:31 Guard Tower
08:40 Scout Tower
08:41 Scout Tower
08:42 Scout Tower
09:08 Guard Tower
09:24 Arcane Sanctum
09:28 Farm
09:51 Gryphon Aviary
10:05 Scout Tower
10:07 Scout Tower
10:11 Guard Tower
10:11 Guard Tower
10:11 Guard Tower
10:12 Guard Tower
10:27 Guard Tower
10:38 Scout Tower
10:39 Scout Tower
11:01 Guard Tower
11:01 Guard Tower
11:01 Guard Tower
11:01 Guard Tower
11:09 Scout Tower
11:10 Scout Tower
11:13 Guard Tower
11:13 Guard Tower
11:13 Guard Tower
11:39 Castle
11:40 Castle
11:40 Castle
11:40 Castle
12:35 Guard Tower
12:35 Guard Tower
12:42 Gryphon Aviary
12:58 Farm
13:07 Guard Tower
13:07 Guard Tower
14:05 Scout Tower
15:20 Guard Tower
15:20 Guard Tower
15:30 Farm
15:41 Scout Tower
15:42 Scout Tower
15:42 Scout Tower
15:43 Scout Tower
15:44 Scout Tower
15:44 Scout Tower
15:44 Scout Tower
15:45 Scout Tower
15:46 Scout Tower
15:47 Scout Tower
15:47 Scout Tower
15:48 Scout Tower
16:45 Barracks
17:55 Guard Tower
17:55 Guard Tower
17:56 Guard Tower
17:56 Guard Tower
17:56 Guard Tower
17:57 Guard Tower
17:59 Scout Tower
18:00 Scout Tower
18:01 Scout Tower
18:14 Blacksmith
19:51 Guard Tower
19:51 Guard Tower
19:57 Scout Tower
20:04 Scout Tower
20:05 Scout Tower
20:06 Scout Tower
20:07 Scout Tower
20:08 Scout Tower
20:08 Scout Tower
20:09 Scout Tower
20:09 Scout Tower
20:10 Scout Tower
20:11 Scout Tower
20:12 Scout Tower
20:12 Scout Tower
27:34 Town Hall
» items
| Healing Salve | 1 | |
| Lesser Clarity Potion | 2 | |
| Scroll of Speed | 1 | |
| Orb of Lightning | 2 | |
| Staff of Sanctuary | 1 | |
7 total
iggy_the_fisk (
pink | 105 APM | 3097 actions | 29:29)
5 Mountain King
3 Storm Bolt
2 Bash
4 Blood Mage
2 Banish
2 Flame Strike
4 Paladin
2 Holy Light
2 Divine Shield
» actions
| Assign group hotkey | 312 | |
| Basic commands | 19 | |
| Build / train | 160 | |
| Enter build submenu | 130 | |
| Enter hero's abilities submenu | 14 | |
| Give item / drop item | 2 | |
| Remove unit from queue | 3 | |
| Right click | 1355 | |
| Select / deselect | 566 | |
| Select group hotkey | 251 | |
| Use ability | 284 | |
3097 total
» units
| Peasant | 29 | |
| Goblin Zeppelin | 1 | |
| Dragonhawk Rider | 2 | |
32 total
» upgrades
| Masonry | 3 | |
| Lumber Harvesting | 2 | |
| Magic Sentry | 1 | |
| Swords | 1 | |
| Armor | 1 | |
| Animal War Training | 1 | |
9 total
» buildings
| Altar of Kings | 2 | |
| Farm | 4 | |
| Lumber Mill | 1 | |
| Scout Tower | 150 | |
| Arcane Tower | 2 | |
| Guard Tower | 72 | |
| Arcane Vault | 4 | |
| Keep | 1 | |
| Town Hall | 1 | |
| Castle | 1 | |
| Arcane Sanctum | 2 | |
| Gryphon Aviary | 1 | |
| Blacksmith | 1 | |
| Barracks | 1 | |
243 total
» build order
00:03 Altar of Kings
00:07 Farm
00:23 Lumber Mill
00:53 Scout Tower
01:11 Farm
01:36 Scout Tower
01:46 Scout Tower
01:52 Scout Tower
01:54 Scout Tower
02:01 Arcane Tower
02:02 Scout Tower
02:16 Scout Tower
02:28 Scout Tower
02:28 Guard Tower
02:32 Scout Tower
02:44 Arcane Tower
02:50 Arcane Vault
02:58 Scout Tower
02:59 Guard Tower
03:06 Scout Tower
03:23 Scout Tower
03:29 Scout Tower
03:30 Guard Tower
03:31 Scout Tower
03:37 Guard Tower
03:38 Guard Tower
03:42 Scout Tower
03:46 Guard Tower
03:59 Guard Tower
04:00 Guard Tower
04:01 Scout Tower
04:04 Arcane Vault
04:18 Scout Tower
04:20 Guard Tower
04:20 Guard Tower
04:21 Guard Tower
04:23 Scout Tower
04:26 Scout Tower
04:32 Scout Tower
04:39 Guard Tower
04:52 Scout Tower
05:07 Guard Tower
05:08 Scout Tower
05:15 Scout Tower
05:24 Keep
05:28 Scout Tower
05:32 Scout Tower
05:32 Guard Tower
05:44 Guard Tower
05:48 Scout Tower
05:55 Guard Tower
05:56 Guard Tower
05:56 Guard Tower
06:20 Town Hall
06:40 Guard Tower
06:42 Guard Tower
06:48 Scout Tower
07:19 Guard Tower
07:21 Scout Tower
07:37 Guard Tower
07:40 Scout Tower
08:35 Guard Tower
08:36 Scout Tower
08:37 Scout Tower
08:43 Scout Tower
08:45 Castle
08:55 Scout Tower
08:56 Scout Tower
09:00 Scout Tower
09:02 Guard Tower
09:05 Guard Tower
09:07 Scout Tower
09:07 Scout Tower
09:08 Scout Tower
09:09 Scout Tower
09:10 Scout Tower
09:26 Farm
09:27 Farm
09:44 Guard Tower
10:02 Guard Tower
10:02 Guard Tower
10:02 Guard Tower
10:12 Guard Tower
10:17 Guard Tower
10:28 Scout Tower
10:29 Scout Tower
10:30 Scout Tower
10:40 Scout Tower
10:46 Guard Tower
10:47 Guard Tower
10:52 Guard Tower
10:54 Scout Tower
11:01 Scout Tower
11:06 Arcane Sanctum
11:09 Guard Tower
11:11 Arcane Vault
11:21 Guard Tower
11:23 Guard Tower
11:28 Scout Tower
11:30 Scout Tower
11:39 Guard Tower
11:42 Scout Tower
11:43 Scout Tower
11:44 Scout Tower
11:45 Scout Tower
12:02 Guard Tower
12:03 Scout Tower
12:52 Scout Tower
12:54 Guard Tower
12:55 Guard Tower
12:59 Scout Tower
13:00 Scout Tower
13:01 Scout Tower
13:04 Scout Tower
13:05 Scout Tower
13:06 Scout Tower
13:06 Scout Tower
13:07 Scout Tower
13:08 Scout Tower
13:21 Guard Tower
13:25 Scout Tower
13:40 Scout Tower
13:40 Scout Tower
13:44 Scout Tower
13:45 Scout Tower
13:56 Guard Tower
13:57 Scout Tower
13:58 Scout Tower
14:10 Guard Tower
14:17 Guard Tower
14:18 Scout Tower
14:22 Scout Tower
14:25 Scout Tower
14:25 Scout Tower
14:42 Guard Tower
14:46 Guard Tower
14:47 Scout Tower
14:49 Scout Tower
14:50 Guard Tower
14:51 Scout Tower
14:52 Scout Tower
15:12 Guard Tower
15:21 Scout Tower
15:22 Scout Tower
15:24 Scout Tower
15:24 Scout Tower
15:26 Guard Tower
15:27 Guard Tower
15:36 Guard Tower
15:41 Guard Tower
15:42 Scout Tower
15:44 Scout Tower
15:44 Scout Tower
15:45 Scout Tower
15:46 Scout Tower
15:47 Guard Tower
16:22 Scout Tower
16:23 Scout Tower
16:56 Guard Tower
17:15 Guard Tower
17:15 Scout Tower
17:16 Scout Tower
17:19 Scout Tower
17:19 Scout Tower
17:19 Scout Tower
17:22 Scout Tower
17:22 Scout Tower
17:23 Scout Tower
17:24 Scout Tower
17:25 Scout Tower
17:58 Guard Tower
17:59 Scout Tower
18:00 Scout Tower
18:10 Scout Tower
18:14 Guard Tower
18:15 Guard Tower
18:29 Guard Tower
19:39 Scout Tower
19:40 Scout Tower
19:41 Scout Tower
19:47 Scout Tower
19:48 Scout Tower
19:48 Scout Tower
19:50 Scout Tower
19:51 Guard Tower
19:54 Scout Tower
19:55 Scout Tower
19:55 Scout Tower
19:56 Scout Tower
19:57 Scout Tower
19:57 Scout Tower
19:58 Scout Tower
19:59 Scout Tower
20:00 Scout Tower
20:00 Scout Tower
20:11 Guard Tower
20:18 Arcane Vault
21:09 Guard Tower
21:11 Scout Tower
21:12 Scout Tower
21:13 Scout Tower
21:34 Arcane Sanctum
21:36 Gryphon Aviary
21:37 Scout Tower
21:39 Guard Tower
23:20 Scout Tower
23:21 Scout Tower
23:22 Scout Tower
23:22 Scout Tower
23:22 Scout Tower
23:23 Scout Tower
23:24 Scout Tower
23:25 Scout Tower
23:25 Scout Tower
23:26 Scout Tower
23:32 Blacksmith
23:34 Barracks
23:34 Guard Tower
23:39 Altar of Kings
23:56 Guard Tower
24:09 Scout Tower
24:09 Scout Tower
24:10 Scout Tower
24:11 Scout Tower
24:12 Scout Tower
24:13 Scout Tower
24:17 Scout Tower
24:18 Scout Tower
24:18 Scout Tower
24:19 Scout Tower
24:19 Scout Tower
24:20 Scout Tower
24:22 Scout Tower
24:23 Scout Tower
27:35 Guard Tower
28:06 Guard Tower
28:08 Scout Tower
28:09 Scout Tower
28:10 Scout Tower
» items
| Scroll of Regeneration | 2 | |
| Lesser Clarity Potion | 2 | |
| Mechanical Critter | 1 | |
| Orb of Fire | 1 | |
| Potion of Mana | 4 | |
| Potion of Healing | 4 | |
| Staff of Sanctuary | 3 | |
| Orb of Lightning | 2 | |
| Scroll of Town Portal | 4 | |
23 total
timg4strok (
red | 85 APM | 2510 actions | 29:29)
7 Warden
3 Shadow Strike
3 Blink
1 Spirit of Vengeance
» actions
| Assign group hotkey | 3 | |
| Basic commands | 24 | |
| Build / train | 63 | |
| ESC pressed | 3 | |
| Enter build submenu | 22 | |
| Enter hero's abilities submenu | 7 | |
| Give item / drop item | 3 | |
| Right click | 1665 | |
| Select / deselect | 156 | |
| Select group hotkey | 377 | |
| Use ability | 186 | |
2510 total
» units
» upgrades
| Ultravision | 1 | |
| Nature's Blessing | 1 | |
| Well Spring | 1 | |
3 total
» buildings
| Altar of Elders | 2 | |
| Moon Well | 14 | |
| Tree of Life | 4 | |
| Tree of Ages | 1 | |
| Tree of Eternity | 2 | |
| Ancient of Wonders | 1 | |
| Hunter's Hall | 1 | |
25 total
» build order
00:37 Altar of Elders
00:39 Moon Well
01:44 Moon Well
03:32 Moon Well
03:35 Moon Well
05:40 Tree of Life
05:42 Tree of Ages
08:13 Tree of Eternity
08:18 Ancient of Wonders
08:57 Hunter's Hall
10:20 Tree of Life
11:17 Moon Well
15:24 Altar of Elders
15:25 Moon Well
16:17 Moon Well
16:17 Moon Well
16:54 Moon Well
16:54 Moon Well
19:46 Tree of Life
20:14 Tree of Life
29:10 Moon Well
29:11 Moon Well
29:11 Moon Well
» items
| Orb of Venom | 1 | |
| Scroll of Regeneration | 3 | |
| Potion of Healing | 8 | |
| Lesser Clarity Potion | 8 | |
| Potion of Mana | 2 | |
| Healing Salve | 4 | |
26 total
Chat log
(05:29 / All) DougSandhorst: blue
(05:30 / All) DougSandhorst: holy cow
(05:32 / All) DougSandhorst: yikes
(05:39 / All) DougSandhorst: i, doug sandhorst, have never seen something that embarrassing
(05:58 / All) PiLlAgEdViLlAgE: i grant furlong haev never met a fag like u
(06:08 / All) DougSandhorst: ok, grant
(09:15 / All) DougSandhorst: *bonks u on a head, w a hammer"
(10:26 / All) DougSandhorst: careful Green
(10:55 / All) DougSandhorst: great micro from Bryant Skyefox
(12:05 / All) DougSandhorst: lmao level 1
(12:32 / All) SaVior.: wow
(12:35 / All) DougSandhorst: heheheho
(13:23 / All) PiLlAgEdViLlAgE: bitch
(18:15 / All) skyefox: ok time to end this
(19:33 / All) DougSandhorst: is it ended
(21:10 / All) DougSandhorst: teal
(21:11 / All) DougSandhorst: really
(21:14 / All) DougSandhorst: u attart?
(22:17 / All) DougSandhorst: lol
(22:18 / All) DougSandhorst: sick
(22:24 / All) SaVior.: hacks
(22:28 / All) DougSandhorst: ??????
(22:30 / All) DougSandhorst: you have wards too
(22:44 / All) DougSandhorst: lmao
(22:47 / All) DougSandhorst: this rules
(22:49 / All) DougSandhorst: you are so freakin bad
(23:52 / All) DougSandhorst: leave
(23:53 / All) DougSandhorst: bye
(24:15 / All) DougSandhorst: lmao
(24:20 / All) DougSandhorst: bye
(24:21 / All) DougSandhorst: grant
(24:22 / All) DougSandhorst: furlong
(24:29 / All) FastFeud: TURDLONG
(25:53 / All) DougSandhorst: loooool!!!!
(27:35 / All) DougSandhorst: bye leave
(27:38 / All) DougSandhorst: http://highper.ch/
(27:46 / All) DougSandhorst: home of clan towa and all their #1 tower replays,
(27:55 / All) DougSandhorst: thanks to all fans & friends for watching
(28:14 / All) DougSandhorst: "let's end this" -- Richard "Skyefox" Hall